 Dungeon Crawl Stone Soup version 0.22-a0-282-gdd34a7d (webtiles) character file.

259 Amnesiac the Ducker (level 6, 0/38 HPs)
             Began as a Tengu Wizard on Mar 17, 2018.
             Slain by a wight
             ... wielding a cursed +3 mace of freezing
              (2 damage)
             ... on level 4 of the Dungeon.
             The game lasted 00:03:53 (3507 turns).

Amnesiac the Ducker (Tengu Wizard)                  Turns: 3507, Time: 00:03:53

Health: 0/38       AC:  2    Str:  7    XL:     6   Next: 17%
Magic:  8/12       EV: 13    Int: 21    God:
Gold:   99         SH:  0    Dex: 12    Spells: 0/11 levels left

rFire    . . .     SeeInvis .   c - +2 whip (venom)
rCold    . . .     Gourm    .   (no shield)
rNeg     . . .     Faith    .   m - +0 robe (curse)
rPois    .         Spirit   .   b - +0 hat
rElec    .         Reflect  .   (no cloak)
rCorr    .         Harm     .   (no gloves)
MR       +....                  (boots unavailable)
Stlth    ++........             (no amulet)
HPRegen  0.12/turn              a - ring of protection from magic
MPRegen  0.13/turn              (no ring)

@: drained
A: beak, talons 3, able to fly 1
a: Fly


You were on level 4 of the Dungeon.
You were hungry.

You visited 1 branch of the dungeon, and saw 4 of its levels.

You collected 99 gold pieces.

Inventory:

Hand Weapons
 c - a +2 whip of venom (weapon)
Armour
 b - a +0 hat (worn)
 m - a cursed +0 robe (worn)
 n - a +0 pair of gloves
Jewellery
 a - a ring of protection from magic (left hand)
Scrolls
 e - a scroll of noise {!r, unknown}
 h - a scroll of immolation {!r, unknown}
 i - a scroll of enchant armour {!r, unknown}
 l - 6 scrolls of remove curse {!r, unknown}
 o - a scroll of fear {!r, unknown}
 q - a scroll of blinking {!r, unknown}
 r - a scroll of amnesia {!r, unknown}
 t - a scroll of teleportation {!r, unknown}
Potions
 f - 4 potions of curing {!q, unknown}
 g - 3 potions of brilliance {!q, unknown}
 j - 2 potions of agility {!q, unknown}
 k - a potion of cancellation {!q, unknown}
 s - a potion of lignification {!q, unknown}
Comestibles
 d - 5 rations


   Skills:
 * Level 3.8(3.1) Fighting
 * Level 4.2(3.5) Dodging
 - Level 2.0(1.3) Stealth
 + Level 3.4(2.7) Spellcasting
 - Level 3.0(2.3) Conjurations
 - Level 1.2(0.6) Summonings
 - Level 0.7(0.1) Translocations


You couldn't memorise any spells.
You knew the following spells:

 Your Spells              Type           Power        Failure   Level  Hunger
a - Magic Dart            Conj           ##..         4%          1    None
b - Call Imp              Summ           #.......     16%         2    ##.....
e - Mephitic Cloud        Conj/Pois/Air  #.......     30%         3    ###....
s - Conjure Flame         Conj/Fire      #.......     26%         3    ###....
v - Blink                 Tloc           N/A          21%         2    ##.....


Dungeon Overview and Level Annotations

Branches:
Dungeon (4/15)
 Temple: D:4-7

Altars:
Ashenzari
Dithmenos
Uskayaw


Innate Abilities, Weirdness & Mutations

You have a beak for a mouth.
You have claws for feet.
You can fly.


Message History

Memorise Blink, consuming 2 spell levels and leaving 0?
You start memorising the spell.
You continue memorising. x2
You finish memorising.
Spell assigned to 'v'.
Okay, then.
Found a stone staircase leading down.
No target in view!
A giant cockroach comes into view.
The giant cockroach bites you.
A giant cockroach is nearby!
You hit the giant cockroach.
The giant cockroach is poisoned.
You kill the giant cockroach!
You butcher the giant cockroach corpse.
p - a chunk of flesh Eating a chunk of flesh.
You eat the chunk of flesh.
This raw flesh tastes terrible.
You open the door.
You are feeling hungry.
No target in view!
No target in view!
No target in view!
Key pressed, stopping explore.
No target in view!
Items here: ( ))) 7 stones; an uncursed dagger; an uncursed hunting sling; a dagger An adder comes into view.
The adder hisses angrily.
An adder is nearby!
An adder is nearby!
Autopickup is now off.
Autopickup is now on.
A wight comes into view. It is wielding a mace of freezing.
You hit the adder but do no damage. You peck the adder.
The adder is heavily wounded.
The adder barely misses you.
You barely miss the adder.
The adder is heavily wounded.
The adder bites you. The adder misses you.
You miss the adder.
The adder is heavily wounded.
The adder bites you.
You barely miss the adder.
The adder is heavily wounded.
The adder bites you. The adder closely misses you. The adder bites you.
You hit the adder.
You kill the adder!
There is a stone staircase leading up here.
Casting: Magic Dart (safe; 3% risk of failure)
Confirm with . or Enter, or press ? or * to list all spells.
A metallic apparition takes form in the air.
Casting: Call Imp (safe; 12% risk of failure)
Confirm with . or Enter, or press ? or * to list all spells.
A beastly little devil appears in a puff of flame.
The wight hits you with a mace of freezing!
You feel drained. The wight freezes you.
* * * LOW HITPOINT WARNING * * *
You hit the wight. You peck the wight, but do no damage.
The wight is moderately damaged.
The wight hits you with a mace of freezing!
* * * LOW HITPOINT WARNING * * *
You feel drained.
* * * LOW HITPOINT WARNING * * *
The wight freezes you.
You die...

#..#####.#.# #..#...#.#.#
#..##..#.#.# #......#.#.#
#..........
#####...##.#.#.######..........
#.......##.#........+..........
##.###..##.(5#5######..........
#......####<.z...# #..........
#..##.###..(.@.#.# #.....z....
#..##.# #.#.#.##.# #....>.....
#..##.# #.#.#.##.# #.# #..##.#
#.#.#.##.######.#
#..##.###.#.#.##...z....#
##..##.....#.#.###########
#....#.....#.#.#
##..##.....#.#.#
#..##.....#.#.#


You could see a wight, a friendly iron imp and a friendly crimson imp.

Vanquished Creatures
  A bullfrog (D:4)
  A wight (D:3)
  A hound (D:4)
  Robin (D:3)
  4 adders
  2 worms
  A dart slug (D:1)
  2 orcs (D:3)
  9 bats
  5 giant cockroaches
  16 goblins
  5 hobgoblins
  2 jackals (D:4)
  A ball python (D:2)
  3 frilled lizards
  6 kobolds
  4 rats
64 creatures vanquished.

Notes
Turn   | Place    | Note
-------+----------+-------------------------------------------
     0 | D:1      | Amnesiac the Tengu Wizard began the quest for the Orb.
     0 | D:1      | Reached XP level 1. HP: 10/10 MP: 5/5
   380 | D:1      | Reached XP level 2. HP: 12/15 MP: 2/7
   384 | D:1      | Learned a level 2 spell: Call Imp
   831 | D:2      | Reached skill level 1 in Fighting
   921 | D:2      | Reached XP level 3. HP: 10/20 MP: 8/8
   928 | D:2      | Learned a level 3 spell: Mephitic Cloud
   961 | D:2      | Found a hide-covered altar of Uskayaw.
  1546 | D:3      | Reached XP level 4. HP: 24/27 MP: 9/9
  1551 | D:3      | Learned a level 3 spell: Conjure Flame
  1768 | D:3      | Found a shadowy altar of Dithmenos.
  1842 | D:3      | Found a shattered altar of Ashenzari.
  1988 | D:3      | Reached skill level 3 in Dodging
  2231 | D:4      | Noticed Robin
  2249 | D:4      | Gained mutation: You can fly. [Tengu growth]
  2249 | D:4      | Reached XP level 5. HP: 8/32 MP: 3/10
  2764 | D:3      | Killed Robin
  3372 | D:4      | Reached skill level 4 in Dodging
  3372 | D:4      | Reached XP level 6. HP: 31/38 MP: 10/12
  3376 | D:4      | Learned a level 2 spell: Blink
  3507 | D:4      | Slain by a wight

Vault maps used:
D:1:      lightli_arrival_statue_moat
D:2:      lemuel_crystal_altar
D:3:      lemuel_coloured_pillars_altar, lemuel_doored_altar, first_ration
D:4:      minmay_misc_feat_roman, grunt_ministairs_3, st_stairs_9, uniq_pikel,
          uniq_menkaure, uniq_robin

Skill      XL: |  1  2  3  4  5 |
---------------+----------------+-----
Conjurations   | 2 3 |  3.0
Fighting       | 1 2 3 |  3.8
Dodging        | 3 4 |  4.2
Stealth        | |  2.0
Spellcasting   | |  3.4
Summonings     | |  1.2
Translocations | |  0.7

Action                   |  1- 3 |  4- 6 || total
-------------------------+-------+-------++-------
Melee: Whip              |    51 |    98 ||   149
       Peck              |     9 |    12 ||    21
       Kick              |     9 |    13 ||    22
 Cast: Magic Dart        |    20 |    15 ||    35
       Mephitic Cloud    |     1 |     3 ||     4
       Call Imp          |       |     3 ||     3
       Conjure Flame     |       |     1 ||     1
 Stab: Sleeping          |     1 |     2 ||     3
       Confused          |       |     2 ||     2
       Distracted        |       |     1 ||     1
  Eat: Chunk             |     2 |     6 ||     8
Armor: Robe              |     8 |    16 ||    24
Dodge: Dodged            |    38 |    76 ||   114

Table legend:
 A = Spawn XP
 B = Non-spawn XP
 C = Spawn XP percentage of total XP
 D = Spawn monster count
 E = Non-spawn monster count
 F = Spawn count percentage of total count
 G = Total turns spent on level
                    A         B        C        D         E        F      G
               +---------+---------+-------+---------+---------+-------+---------
         Total |       0 |     370 |   0.0 |       0 |      64 |   0.0 |  3507
               +---------+---------+-------+---------+---------+-------+---------
           D:1 |       0 |      21 |   0.0 |       0 |      11 |   0.0 |   673
           D:2 |       0 |      55 |   0.0 |       0 |      17 |   0.0 |   777
           D:3 |       0 |     124 |   0.0 |       0 |      23 |   0.0 |  1505
           D:4 |       0 |     170 |   0.0 |       0 |      13 |   0.0 |   552
               +---------+---------+-------+---------+---------+-------+---------
